 Dungeon Crawl Stone Soup version 0.27-a0-1416-g941b2bd30b (webtiles) character file.

Game seed: 1722957313277536469

207 quinnr the Magician (level 6, -2/40 HPs)
             Began as a Djinni Air Elementalist on July 1, 2021.
             Killed by their own static electricity (3 damage)
             ... on level 3 of the Dungeon.
             The game lasted 00:08:56 (4645 turns).

quinnr the Magician (Djinni Air Elementalist)       Turns: 4645, Time: 00:08:57

Health: -2/40      AC:  2    Str:  7    XL:     6   Next: 11%
Gold:   124        EV: 12    Int: 18    God:
                   SH:  0    Dex: 14

rFire    + + +     SeeInvis .   m - staff of fire
rCold    x . .     Faith    .   (no shield)
rNeg     . . .     Spirit   .   a - +0 robe
rPois    ∞         Reflect  .   (helmet currently unavailable)
rElec    .         Harm     .   (no cloak)
rCorr    .         Rampage  .   (no gloves)
Will     .....                  (boots unavailable)
Stlth    ++........             (no amulet)
HPRegen  0.13/turn              (no ring)
MPRegen  0.00/turn              (no ring)

@: appendages, flying
A: horns 2, flying, sickness immunity, fire resistance 2, cold vulnerability 1,
float, innate caster, hp casting, extra vitality 1
a: End Transformation


You were on level 3 of the Dungeon.
You had temporarily grown beastly horns.
You visited 1 branch of the dungeon, and saw 4 of its levels.

You collected 124 gold pieces.

Inventory:

Armour
 a - a +0 robe (worn)
 c - a +0 cloak
Magical Staves
 m - a staff of fire (weapon)
Scrolls
 b - a scroll of enchant armour {unknown}
 e - 2 scrolls of blinking {unknown}
 f - 2 scrolls of noise {unknown}
 g - a scroll of fear {unknown}
 h - 3 scrolls of identify {unknown}
 j - a scroll of torment {unknown}
 n - a scroll of amnesia {unknown}
 o - 2 scrolls of immolation {unknown}
 p - a scroll of teleportation {unknown}
Potions
 d - a potion of heal wounds {unknown}
 i - a potion of cancellation {unknown}
 k - a potion of degeneration {unknown}
 l - a potion of flight {unknown}


   Skills:
 - Level 2.1 Dodging
 - Level 1.5 Stealth
 + Level 4.9 Spellcasting


You couldn't memorise any spells.
You knew the following spells:

 Your Spells              Type           Power      Damage    Failure   Level
a - Shock                 Conj/Air       88%        1d8       1%          1
b - Static Discharge      Conj/Air       22%        N/A       2%          2
c - Swiftness             Air            22%        N/A       5%          3
d - Airstrike             Air            11%        N/A       17%         4
e - Lightning Bolt        Conj/Air       11%        1d24      43%         5
f - Beastly Appendage     Tmut           44%        N/A       1%          1
g - Corpse Rot            Necr/Air       N/A        N/A       2%          2
Your spell library was empty.

Dungeon Overview and Level Annotations

Branches:
Dungeon (4/15)
 Temple: D:4-7

Altars:

Annotations:
D:3 Edmund


Innate Abilities, Weirdness & Mutations

You have temporarily grown beastly horns.
You are flying.
You are immune to sickness and miasma.
You are immune to poison.
Your flesh is very heat resistant. (rF++)
You are vulnerable to cold. (rC-)
You float through the air rather than walking.
You learn spells naturally, not from books.
Your magical power is your life essence.
You have superior vitality. (+4 HP)


Message History

Casting: Shock (safe; 1% risk of failure)
Confirm with . or Enter, or press ? or * to list all spells.
You grow a pair of large bovine horns.
You hear a shout!
Unknown command.
Casting: Beastly Appendage (safe; 1% risk of failure)
Confirm with . or Enter, or press ? or * to list all spells.
Okay, then.
Unknown command.
The zap hits Edmund.
Edmund is moderately wounded.
The zap hits Edmund.
Edmund is moderately wounded.
Edmund hits you with a +2 flail of protection!
You fly upwards.
There is a stone staircase leading down here.
Unknown command.
Unknown command.
Casting: Shock (safe; 1% risk of failure)
Confirm with . or Enter, or press ? or * to list all spells.
Edmund is struck by an arc of lightning!
Edmund is heavily wounded.
You are struck by an arc of lightning.
Edmund is struck by an arc of lightning.
Edmund is severely wounded.
The lightning grounds out.
Edmund hits you with a +2 flail of protection!
Casting: Static Discharge (safe; 2% risk of failure)
Confirm with . or Enter, or press ? or * to list all spells.
Edmund is struck by an arc of lightning.
Edmund is almost dead.
The lightning grounds out.
Edmund hits you with a +2 flail of protection!
* * * LOW HITPOINT WARNING * * *
Casting: Static Discharge (safe; 2% risk of failure)
Confirm with . or Enter, or press ? or * to list all spells.
Edmund is struck by an arc of lightning.
Edmund is almost dead.
You are struck by an arc of lightning.
You die...

.≈≈≈# #.##≈≈≈≈≈#..............
≈≈≈≈######.##....≈#.....#[..####.
≈≈.≈##......#....≈#.........####.
≈≈.###.###..#....≈#:.............
≈≈.....# ##.'########..#.)..###..
≈≈###### ##...#### #............
≈≈# ##.##....# #...#.#.###.. ≈##
#.###..#.###<....<..:... ##
#.##...@@....#.#.#.##### #
#.##.##.######.#.#.#≈≈≈≈ #
##.#.#..# #.#.#.#≈≈≈≈ #
##...#.######.#.#.'≈≈≈≈ #
#######.##............#≈≈≈≈ #
#.......############..#≈≈≈≈ #
#.####### #..##### # #.#####
####.# # #.....# #.#


You could see Edmund.

Vanquished Creatures
  A scorpion (D:3)
  An iguana (D:3)
  5 adders
  3 worms
  A dart slug (D:1)
  5 endoplasms
  2 giant cockroaches (D:1)
  7 goblins
  8 hobgoblins
  3 jackals (D:1)
  5 kobolds
  4 quokkas
  5 ball pythons
  5 bats
  5 frilled lizards
  4 rats
64 creatures vanquished.

Notes
Turn   | Place    | Note
-------+----------+-------------------------------------------
     0 | D:1      | quinnr the Djinni Air Elementalist began the quest for the
                  | Orb.
     0 | D:1      | Reached XP level 1. HP: 15/15 MP: 0/0
    14 | D:1      | Upgraded the game from 0.27-a0-1384-g1422d76b99 to
                  | 0.27-a0-1416-g941b2bd30b
   329 | D:1      | Reached XP level 2. HP: 17/21 MP: 0/0
   643 | D:1      | Reached skill level 3 in Spellcasting
   889 | D:1      | Reached XP level 3. HP: 15/25 MP: 0/0
   889 | D:1      | Learned a level 1 spell: Beastly Appendage
  2304 | D:2      | Reached XP level 4. HP: 26/31 MP: 0/0
  2829 | D:2      | Found a faded altar of an unknown god.
  3166 | D:3      | Reached skill level 4 in Spellcasting
  3328 | D:3      | Noticed a scorpion
  3401 | D:3      | Reached XP level 5. HP: 19/35 MP: 0/0
  3401 | D:3      | Learned a level 2 spell: Corpse Rot
  4076 | D:3      | Reached XP level 6. HP: 31/40 MP: 0/0
  4635 | D:4      | Noticed Edmund
  4644 | D:3      | HP: 3/40 [Edmund (11)]
  4645 | D:3      | Killed from afar by themself

Illustrated notes

Levels and vault maps discovered:
D:1:      wheals_arrival_shading, layout_loops_corners, minivault_11,
          minmay_quantized
D:2:      layout_basic, shapermc_ecumenical_altar_hornbeckon
D:3:      layout_loops_ring, serial_rivers, chequers_serial_rivers_small_3,
          chequers_serial_rivers_room_b, chequers_serial_rivers_small_3,
          chequers_serial_rivers_room_a, chequers_serial_rivers_room_b,
          chequers_serial_rivers_small_3, grunt_ministairs_8
D:4:      layout_rooms, kennysheep_mini_moat, lemuel_coloured_pillars_altar,
          uniq_edmund, uniq_crazy_yiuf_cottage, uniq_pikel

Skill      XL: |  1  2  3  4 |
---------------+-------------+-----
Spellcasting   | 3 4 |  4.9
Dodging        | |  2.1
Stealth        | |  1.5

Action                   |  1- 3 |  4- 6 || total
-------------------------+-------+-------++-------
Melee: Unarmed           |    21 |       ||    21
       Headbutt          |     4 |       ||     4
 Cast: Shock             |    77 |    78 ||   155
       Beastly Appendage |     5 |     1 ||     6
       Static Discharge  |       |     7 ||     7
       Corpse Rot        |       |     2 ||     2
 Stab: Sleeping          |     1 |       ||     1
Armor: Robe              |     3 |     4 ||     7
Dodge: Dodged            |    18 |     9 ||    27

Table legend: (Time is in decaauts)
 A = Elapsed time spent in this place.
 B = Non-inter-level travel time spent in this place.
 C = Inter-level travel time spent in this place.
 D = Time resting spent in this place.
 E = Time spent auto-exploring this place.
 F = Levels seen in this place.
 G = Mean time per level.
                   A        B        C        D        E       F      G
               +--------+--------+--------+--------+--------+-----+--------+
         Total |   4646 |   4475 |    171 |    344 |   3673 |   4 | 1161.5 |
       Dungeon |   4646 |   4475 |    171 |    344 |   3673 |   4 | 1161.5 |
               +--------+--------+--------+--------+--------+-----+--------+

Top non-repeatable levels by time:
     D:1: 1931 daAuts
     D:3: 1648 daAuts
     D:2: 1059 daAuts
     D:4: 6 daAuts
